 Dungeon Crawl Stone Soup version 0.22-a0-825-ga28c36f (webtiles) character file.

28042 iamserjio the Martial Artist (level 13, -12/113 HPs)
             Began as a Green Draconian Monk on July 24, 2018.
             Was the Champion of Cheibriados.
             Mangled by a death yak (50 damage)
             ... on level 6 of the Lair of Beasts.
             The game lasted 01:08:20 (7014 turns).

iamserjio the Martial Artist (Green Draconian Monk) Turns: 7014, Time: 01:08:21

Health: -12/113    AC: 10    Str: 28    XL:     13   Next: 7%
Magic:  21/29      EV: 21    Int: 31    God:    Cheibriados [******]
Gold:   589        SH:  0    Dex: 34    Spells: 9/20 levels left

rFire    . . .     SeeInvis .     - Unarmed
rCold    . . .     Gourm    .   (no shield)
rNeg     . . .     Faith    .   (armour unavailable)
rPois    +         Spirit   .   (helmet restricted)
rElec    .         Reflect  .   (no cloak)
rCorr    .         Harm     .   M - +0 pair of gloves
MR       +....                  R - +0 pair of boots (curse)
Stlth    +++++.....             (no amulet)
HPRegen  0.28/turn              u - +5 ring of dexterity
MPRegen  0.21/turn              V - ring of magical power

@: lethally poisoned (-12 -> -12), about to teleport, sleeping, slowed, very
slow
A: breathe noxious fumes, unfitting armour, antennae 1, hooves 1, magic
resistance 1, poison resistance, cold-blooded, AC +8
a: Breathe Noxious Fumes, Bend Time, Temporal Distortion, Slouch, Step From
Time, Renounce Religion


You were on level 6 of the Lair of Beasts.
You worshipped Cheibriados.
Cheibriados was exalted by your worship.
You were not hungry.

You visited 4 branches of the dungeon, and saw 18 of its levels.
You also visited: Sewer and Bailey.

You collected 742 gold pieces.
You spent 153 gold pieces at shops.

Inventory:

Hand Weapons
 i - a +1 hunting sling of flaming
 x - a +7 blowgun
 S - the +5 quarterstaff of the Yoke {crush, +Inv Stlth+}
   (You found it on level 9 of the Dungeon)

   It inflicts extra damage upon your enemies.
   It lets you turn invisible.
   It makes you more stealthy.
Missiles
 d - 7 needles of confusion
 m - 4 steel javelins
 q - 42 sling bullets
 F - 3 poisoned tomahawks (quivered)
 H - 87 arrows
 W - 6 curare-tipped needles {!f}
Armour
 M - a +0 pair of gloves (worn)
 R - a cursed +0 pair of boots (worn)
Magical Staves
 w - an uncursed staff of summoning {unknown}
Jewellery
 j - an uncursed ring of poison resistance
 o - an uncursed ring of protection from cold
 u - a +5 ring of dexterity (left hand)
 O - an uncursed ring of protection from magic
 V - a ring of magical power (right hand)
 Y - the ring of the Greedy {rF+ Dex+7 Slay-3 Stlth+}
   (You found it on level 2 of the Lair of Beasts)

   [ring of protection from fire]

   It affects your dexterity (+7).
   It affects your accuracy and damage with ranged weapons and melee attacks
   (-3).
   It protects you from fire.
   It makes you more stealthy.
Wands
 e - a wand of disintegration (1)
 L - a wand of acid (7)
Scrolls
 b - a scroll of fog
 c - 5 scrolls of remove curse {@r2}
 k - 2 scrolls of noise
 p - 4 scrolls of amnesia
 v - a scroll of holy word {unknown}
 E - 2 scrolls of random uselessness
 G - a scroll of enchant armour {unknown}
 J - a scroll of fear
 K - a scroll of blinking {unknown}
 U - 2 scrolls of acquirement
 X - a scroll of magic mapping
 Z - a scroll of brand weapon {unknown}
Potions
 f - a potion of flight {unknown}
 g - a potion of brilliance {unknown}
 h - 6 potions of mutation
 l - 2 potions of heal wounds
 n - 2 potions of haste
 r - 3 potions of cancellation
 s - 2 potions of degeneration {unknown}
 t - 4 potions of berserk rage {unknown}
 z - 5 potions of might
 B - 3 potions of magic {unknown}
 C - 11 potions of curing {@q1}
 I - 2 potions of lignification {unknown}
 P - 2 potions of ambrosia {unknown}
Comestibles
 a - 16 rations
 D - 4 chunks of flesh


   Skills:
 + Level 9.8 Fighting
 - Level 2.7 Slings
 + Level 7.6 Dodging
 - Level 7.0 Stealth
 * Level 13.7 Unarmed Combat
 - Level 4.2 Spellcasting
 - Level 1.0 Charms
 - Level 4.0 Necromancy
 - Level 10.1 Invocations


You had 9 spell levels left.
You knew the following spells:

 Your Spells              Type           Power        Failure   Level  Hunger
a - Animate Skeleton      Necr           N/A          1%          1    None
b - Regeneration          Chrm/Necr      ###.......   6%          3    #......
c - Vampiric Draining     Necr           ####......   3%          3    #......
d - Animate Dead          Necr           N/A          12%         4    ###....

Your spell library contained the following spells:

 Spells                   Type           Power        Failure   Level  Hunger
 Summon Small Mammal      Summ           #...         6%          1    None
 Pain                     Necr           ####         1%          1    None
 Summon Ice Beast         Ice/Summ       #.......     52%         4    ###....
 Call Imp                 Summ           #.......     9%          2    None
 Call Canine Familiar     Summ           #.......     19%         3    #......
 Summon Lightning Spire   Summ/Air       #.......     52%         4    ###....
 Summon Guardian Golem    Hex/Summ       #.......     19%         3    #......


Dungeon Overview and Level Annotations

Branches:
Dungeon (10/15)            Temple (1/1) D:5            Lair (6/6) D:8
 Shoals (0/4) Lair:2        Slime (0/5) Lair:5          Orc (1/2) D:10
  Snake: Lair:2-4    Spider: Lair:2-4

Altars:
Ashenzari
Cheibriados
Dithmenos
Elyvilon
Fedhas
Gozag
Kikubaaqudgha
Makhleb
Nemelex Xobeh
Okawaru
Qazlal
Ru
Sif Muna
Trog
Uskayaw
Vehumet
Wu Jian
Yredelemnul
Zin
The Shining One
Beogh

Shops:
D:8 [   D:9 }

Annotations:
D:4 Hebeh's ghost, amateur DECj


Innate Abilities, Weirdness & Mutations

You can breathe blasts of noxious fumes.
Your lurid green scales are hard. (AC +8)
You cannot fit into any form of body armour.
Your system is resistant to poisons. (rPois)
You are cold-blooded and may be slowed by cold attacks.
You have a pair of small antennae on your head.
You have large cloven feet.
You are resistant to hostile enchantments. (MR+)


Message History

The insubstantial wisp hits your death yak skeleton.
The insubstantial wisp blinks!
A yak comes into view.
The wolf bites you!!
You wake up.
The yak moves out of view.
As you read the scroll of teleportation, it crumbles to dust.
You feel strangely unstable. The wolf barely misses you.
The death yak gores you!! The yak closely misses you.
The yak barely misses you. The wolf bites you.
The death yak completely misses you. The yak completely misses you.
The yak misses you.
You feel much better.
The wolf splashes around in the water.
The death yak closely misses you. The wolf misses you.
A crocodile comes into view.
The death yak gores you! The yak gores you! The yak barely misses you.
Your blink frog zombie closely misses the insubstantial wisp.
The insubstantial wisp barely misses your blink frog zombie.
The dream sheep are wreathed in dream dust.
You feel drowsy...
You fall asleep.
The dream sheep completely misses you. The death yak gores you!!!
You die...

#...#...#. ...Y....
##......%.. ..!....
#.#....%†..
Y....#####.#.....### .
#.Y.....P.#†.†#### ..
.F......P....#
...####.Y.#...P....####
......#YYYS.#P.P......#
.#.....Y@≈≈≈......#...P#
.......Yh≈≈≈≈≈..........
.P....PYP≈≈≈≈≈≈...#..#...
.......≈Y$≈≈≈≈≈≈.#.#.....
.....vZZY.≈≈≈≈≈≈###....#
#...wYP≈...≈≈≈≈..# ...##
##.#..Y≈≈...t≈..## ..#
##...≈≈≈≈≈F≈≈...# ..
#...≈≈≈≈≈≈≈≈≈.#.#


You could see 4 death yaks, a torpor snail, a black mamba, 4 yaks, 2 spiny
frogs, a crocodile, a wolf, 6 dream sheep, an insubstantial wisp, a friendly
blink frog zombie and a friendly death yak skeleton.

Vanquished Creatures
  Kirke (Lair:5)
  2 hydras
  4 two-headed ogres
  3 death yaks (Lair:6)
  Urug (Lair:5)
  Sonja (Lair:1)
  An orc sorcerer (Orc:1)
  2 elephants (Lair:2)
  2 black mambas
  Joseph (Lair:1)
  5 spiny frogs
  A centaur skeleton (D:10)
  A torpor snail (Lair:6)
  A komodo dragon (Lair:6)
  A troll (Orc:1)
  2 polar bears (Lair:5)
  A hornet (D:9)
  6 hippogriffs
  3 blink frogs
  Prince Ribbit (D:7)
  A wyvern (D:9)
  18 yaks
  A hog (Lair:5)
  2 basilisks
  Menkaure (D:6)
  Edmund (D:4)
  An insubstantial wisp (Lair:6)
  3 vampire mosquitoes (Lair:6)
  4 porcupines
  3 ice beasts
  6 water moccasins
  A sky beast (D:3)
  6 orc warriors
  2 black bears (D:8)
  3 ogres
  10 wolves
  A centaur (D:7)
  7 crocodiles
  3 big kobolds (Sewer)
  2 bullfrogs
  A wyvern skeleton (D:10)
  2 scorpions
  14 killer bees
  A water moccasin skeleton (D:10)
  A howler monkey (D:6)
  A quasit (D:9)
  5 crimson imps
  3 jellies
  2 bullfrog skeletons
  9 orc priests
  7 hounds
  2 iguanas
  Jessica (D:2)
  Ijyb (D:3)
  4 hell rats (Lair:5)
  8 orc wizards
  7 worker ants
  A hound zombie (D:7)
  Robin (D:3)
  2 worker ant zombies
  14 gnolls
  11 adders
  4 river rats
  2 shadow imps
  3 oozes
  An adder skeleton (D:7)
  3 worms
  2 dart slugs
  5 leopard geckos
  30 orcs
  5 giant cockroaches
  12 goblins
  23 hobgoblins
  10 jackals
  14 kobolds
  2 quokkas
  7 ball pythons
  7 bats
  3 frilled lizards
  2 leopard gecko skeletons (D:8)
  9 rats
  A fungus (Lair:1)
  A plant (Lair:6)
360 creatures vanquished.

Vanquished Creatures (collateral kills)
  A two-headed ogre (D:10)
  An elephant (Lair:2)
  A black mamba (Lair:2)
  2 spiny frogs
  2 komodo dragons
  3 blink frogs
  2 dream sheep (Lair:6)
  A yak (Lair:1)
  A hog (Lair:5)
  Grum (Lair:1)
  An insubstantial wisp (Lair:6)
  An acid dragon (D:10)
  A water moccasin (Lair:1)
  2 porcupines
  2 orc warriors
  An ogre (D:7)
  A phantom (D:7)
  A black bear (Lair:1)
  A centaur (D:8)
  2 bullfrogs
  3 killer bees
  A bullfrog zombie (D:10)
  A hound (D:7)
  2 orc priests
  3 gnolls (Bailey)
  An adder (D:7)
  An adder skeleton (D:5)
  A leopard gecko (D:6)
  8 orcs
  2 goblins (D:9)
  A hobgoblin (Bailey)
  3 jackals
  A kobold (Bailey)
  A fungus (Lair:2)
57 creatures vanquished.

Vanquished Creatures (others)
  2 humans (Lair:5)
  27 fungi
  8 plants
37 creatures vanquished.

Grand Total: 454 creatures vanquished

Notes
Turn   | Place    | Note
-------+----------+-------------------------------------------
     0 | D:1      | iamserjio the Draconian Monk began the quest for the Orb.
     0 | D:1      | Reached XP level 1. HP: 19/19 MP: 1/1
     5 | D:1      | You fall through a shaft!
    67 | D:2      | Reached XP level 2. HP: 9/26 MP: 2/2
   378 | D:2      | Reached XP level 3. HP: 13/33 MP: 3/3
   446 | D:1      | Reached skill level 4 in Unarmed Combat
   604 | D:2      | Noticed Jessica
   634 | D:2      | Killed Jessica
   634 | D:2      | Reached XP level 4. HP: 30/40 MP: 4/4
   764 | D:3      | Noticed a sky beast
   783 | D:3      | Killed a sky beast
   783 | D:3      | Reached skill level 5 in Unarmed Combat
   783 | D:3      | Reached XP level 5. HP: 23/47 MP: 5/5
   818 | D:3      | Noticed Ijyb
  1265 | D:3      | Noticed Robin
  1316 | D:3      | Gained mutation: You are resistant to hostile enchantments. (MR+) [potion of mutation]
  1316 | D:3      | Gained mutation: You have large cloven feet. [potion of mutation]
  1316 | D:3      | Gained mutation: You have a pair of small antennae on your head. [potion of mutation]
  1321 | D:3      | Killed Robin
  1375 | D:3      | Killed Ijyb
  1408 | D:3      | Learned a level 1 spell: Animate Skeleton
  1553 | D:4      | Noticed Edmund
  1560 | D:4      | Killed Edmund
  1560 | D:4      | Reached skill level 5 in Fighting
  1560 | D:4      | Reached XP level 6. HP: 34/56 MP: 5/7
  1596 | D:4      | Found a glowing drain.
  1600 | Sewer    | Entered a sewer
  1633 | Sewer    | Reached skill level 6 in Unarmed Combat
  1649 | Sewer    | Reached skill level 1 in Spellcasting
  1649 | Sewer    | Reached skill level 1 in Necromancy
  1653 | Sewer    | Your scales start taking on a lurid green colour.
  1653 | Sewer    | Reached XP level 7. HP: 31/62 MP: 8/8
  1653 | Sewer    | Gained mutation: Your system is resistant to poisons. (rPois) [Green Draconian growth]
  1997 | D:5      | Entered Level 5 of the Dungeon
  2000 | D:5      | Found a staircase to the Ecumenical Temple.
  2014 | Temple   | Entered the Ecumenical Temple
  2068 | Temple   | Became a worshipper of Cheibriados the Contemplative
  2068 | Temple   | Reached * piety under Cheibriados
  2068 | Temple   | Reached ** piety under Cheibriados
  2177 | D:4      | Found a transporter.
  2178 | D:4      | Noticed Hebeh's ghost (amateur DECj)
  2180 | D:4      | Found a transporter.
  2359 | D:5      | Found a sparkling altar of Nemelex Xobeh.
  2369 | D:5      | Reached skill level 7 in Unarmed Combat
  2413 | D:5      | Reached XP level 8. HP: 61/71 MP: 11/11
  2458 | D:5      | Learned a level 3 spell: Regeneration
  2678 | D:6      | Reached *** piety under Cheibriados
  2710 | D:6      | Noticed Menkaure
  2718 | D:6      | Killed Menkaure
  2718 | D:6      | Reached skill level 8 in Unarmed Combat
  2718 | D:6      | Reached skill level 1 in Charms
  2776 | D:6      | Found a stormy altar of Qazlal.
  2785 | D:6      | Found an opulent altar of Gozag.
  2789 | D:6      | Noticed a two-headed ogre
  2800 | D:6      | HP: 2/73 [two-headed ogre/giant club (26)]
  2802 | D:6      | Killed a two-headed ogre
  2802 | D:6      | Reached skill level 9 in Unarmed Combat
  2802 | D:6      | Reached XP level 9. HP: 3/79 MP: 13/15
  3318 | D:7      | Noticed a two-headed ogre
  3334 | D:7      | Reached skill level 1 in Invocations
  3335 | D:7      | Killed a two-headed ogre
  3335 | D:7      | Reached **** piety under Cheibriados
  3335 | D:7      | Reached skill level 10 in Unarmed Combat
  3371 | D:7      | Noticed Prince Ribbit
  3380 | D:7      | Killed Prince Ribbit
  3645 | D:8      | Noticed a two-headed ogre
  3656 | D:8      | Killed a two-headed ogre
  3656 | D:8      | Reached XP level 10. HP: 57/86 MP: 16/16
  3735 | D:8      | Reached ***** piety under Cheibriados
  3743 | D:8      | Reached skill level 11 in Unarmed Combat
  3787 | D:8      | Found a staircase to the Lair.
  3908 | D:8      | Found Kely's Armour Shop.
  3944 | D:8      | Reached skill level 5 in Stealth
  3944 | D:8      | Reached skill level 5 in Invocations
  4032 | D:9      | Learned a level 3 spell: Vampiric Draining
  4037 | D:9      | Learned a level 4 spell: Animate Dead
  4168 | D:9      | Noticed a two-headed ogre
  4172 | D:9      | Killed a two-headed ogre
  4270 | D:9      | Got a crystal quarterstaff
  4329 | D:9      | Found Ympoef's Gadget Boutique.
  4338 | D:9      | Bought a wand of iceblast (5) for 153 gold pieces
  4406 | D:9      | Found a flagged portal.
  4413 | Bailey   | Entered a bailey
  4474 | Bailey   | Reached ****** piety under Cheibriados
  4781 | D:10     | Entered Level 10 of the Dungeon
  4927 | D:10     | Found a staircase to the Orcish Mines.
  4967 | D:10     | Found a roughly hewn altar of Beogh.
  5011 | D:10     | Reached XP level 11. HP: 88/92 MP: 7/17
  5039 | D:10     | Noticed a two-headed ogre
  5045 | D:10     | Killed a two-headed ogre
  5303 | Orc:1    | Entered Level 1 of the Orcish Mines
  5303 | Orc:1    | Noticed an orc sorcerer
  5317 | Orc:1    | Killed an orc sorcerer
  5378 | Orc:1    | Noticed an orc knight
  5494 | Lair:1   | Entered Level 1 of the Lair of Beasts
  5511 | Lair:1   | Noticed Grum
  5553 | Lair:1   | Killed Grum
  5574 | Lair:1   | Noticed a seven-headed hydra
  5637 | Lair:1   | Noticed Sonja
  5648 | Lair:1   | Noticed Joseph
  5649 | Lair:1   | Killed Sonja
  5664 | Lair:1   | Killed Joseph
  5711 | Lair:1   | Killed a seven-headed hydra
  5711 | Lair:1   | Reached skill level 5 in Dodging
  5727 | Lair:1   | Identified the +5 quarterstaff of the Yoke {crush, +Inv Stlth+} (You found it on level 9 of the Dungeon)
  5831 | Lair:2   | Found a staircase to the Shoals.
  5855 | Lair:2   | Reached skill level 12 in Unarmed Combat
  5902 | Lair:2   | Reached XP level 12. HP: 33/102 MP: 19/19
  5922 | Lair:2   | Got a glittering tin ring
  5924 | Lair:2   | Identified the ring of the Greedy {rF+ Dex+7 Slay-3 Stlth+} (You found it on level 2 of the Lair of Beasts)
  6020 | Lair:2   | Reached skill level 10 in Invocations
  6394 | Lair:4   | Noticed a death yak
  6395 | Lair:4   | Noticed a death yak
  6401 | Lair:4   | Noticed a death yak
  6404 | Lair:4   | Noticed a death yak
  6405 | Lair:4   | Noticed a death yak
  6411 | Lair:4   | Noticed a death yak
  6452 | Lair:5   | Noticed Urug
  6477 | Lair:5   | Killed Urug
  6480 | Lair:5   | Noticed a seven-headed hydra
  6506 | Lair:5   | Reached skill level 1 in Slings
  6598 | Lair:5   | Noticed Kirke
  6615 | Lair:5   | Killed Kirke
  6615 | Lair:5   | Reached skill level 13 in Unarmed Combat
  6644 | Lair:5   | Killed a seven-headed hydra
  6696 | Lair:5   | Identified 2 scrolls of acquirement
  6715 | Lair:5   | Found a staircase to the Slime Pits.
  6881 | Lair:6   | Entered Level 6 of the Lair of Beasts
  6926 | Lair:6   | Noticed a death yak
  6927 | Lair:6   | Noticed a death yak
  6934 | Lair:6   | Noticed a death yak
  6936 | Lair:6   | Killed a death yak
  6946 | Lair:6   | Killed a death yak
  6950 | Lair:6   | Killed a death yak
  6964 | Lair:6   | Reached XP level 13. HP: 45/112 MP: 14/20
  7014 | Lair:6   | Mangled by a death yak

Vault maps used:
D:1:      dpeg_arrival_central, st_stairs_3, minmay_misc_feat_hallway
D:2:      serial_curves, eino_curves_03, eino_curves_01, first_ration,
          uniq_jessica
D:3:      palyth_stone_intersect, uniq_ijyb, uniq_robin
D:4:      gup_sewer_entry_bowl, gammafunk_ghost_smash, uniq_edmund
D:5:      marbit_many_paths, minmay_temple_entry_trees, minmay_strange_pillars,
          nemelex_xobeh_ov_fountains_minmay
D:6:      hangedman_feature_mirror, grunt_qazlal_clouds, uniq_menkaure
D:7:      biasface_ghost_orc_armoury, uniq_prince_ribbit1
D:8:      grunt_lair_entry_orc_guard_hut, serial_shops, shop
D:9:      enter_bailey_3, serial_shops, nicolae_shop_stone
D:10:     minmay_orc_entry_temple_small, hangedman_pestilent_swarm
Temple:   regret_index_temple_sigil_plot
Lair:1:   uniq_grum, uniq_joseph, uniq_sonja
Lair:2:   shoals_dummy_entry, spider_nest_entry_funnel_web, minivault_24
Lair:3:   st_stairs_6, cheibrodos_lair_reptile_den, grunt_megastairs_2
Lair:4:   special_room
Lair:5:   slime_dummy, uniq_urug, uniq_kirke
Lair:6:   guppyfry_lair_end_dragon, hangedman_lair_caniforms_friends, pond,
          serial_bayou_shore_a
Orc:1:    mines2_david
Sewer:    sewer_co_15_rooms
Bailey:   bailey_axe_2, bailey

Skill      XL: |  1  2  3  4  5  6  7  8  9 10 11 12 |
---------------+-------------------------------------+-----
Unarmed Combat | 4 5 6 7 9 10 11 12 13 | 13.7
Fighting       | 4 5 6 7 8 9 |  9.8
Spellcasting   | 1 2 4 |  4.2
Necromancy     | 1 2 3 4 |  4.0
Charms         | 1 |  1.0
Stealth        | 4 7 |  7.0
Invocations    | 4 8 9 10 | 10.1
Dodging        | 5 7 |  7.6
Slings         | 2 |  2.7

Action                   |  1- 3 |  4- 6 |  7- 9 | 10-12 | 13-15 || total
-------------------------+-------+-------+-------+-------+-------++-------
Melee: Unarmed           |   125 |   147 |   243 |   523 |    16 ||  1054
       Tailslap          |    13 |    16 |    43 |   136 |     6 ||   214
       Punch             |     1 |     1 |    11 |    46 |     3 ||    62
       Kick              |       |    14 |    79 |    14 |       ||   107
 Fire: Blowgun           |       |       |       |     1 |       ||     1
Throw: Tomahawk          |       |       |     1 |     3 |       ||     4
 Cast: Animate Skeleton  |       |       |    20 |    85 |       ||   105
       Regeneration      |       |       |     8 |    72 |     2 ||    82
       Vampiric Draining |       |       |       |     3 |       ||     3
       Animate Dead      |       |       |       |     3 |     1 ||     4
Invok: Slouch            |       |       |       |     5 |       ||     5
       Temporal Distorti |       |       |       |     2 |       ||     2
 Abil: Breathe Noxious F |       |       |     9 |    15 |       ||    24
Evoke: Wand              |       |     5 |     6 |    19 |       ||    30
  Use: Scroll            |       |     4 |     5 |    11 |     2 ||    22
       Potion            |       |     4 |       |     2 |     1 ||     7
 Stab: Sleeping          |     4 |     1 |     2 |    14 |       ||    21
       Confused          |       |       |     5 |    13 |       ||    18
       Distracted        |       |       |       |     4 |     1 ||     5
  Eat: Chunk             |       |     3 |     3 |    13 |       ||    19
       Ration            |       |       |     1 |     1 |       ||     2
Armor: Skin              |    38 |    31 |    63 |   154 |     1 ||   287
Dodge: Dodged            |    85 |   105 |   129 |   495 |    37 ||   851

Table legend:
 A = Spawn XP
 B = Non-spawn XP
 C = Spawn XP percentage of total XP
 D = Spawn monster count
 E = Non-spawn monster count
 F = Spawn count percentage of total count
 G = Total turns spent on level
                    A         B        C        D         E        F      G
               +---------+---------+-------+---------+---------+-------+---------
         Total |       0 |   40060 |   0.0 |       0 |     414 |   0.0 |  7014
               +---------+---------+-------+---------+---------+-------+---------
           D:1 |       0 |      21 |   0.0 |       0 |      13 |   0.0 |   169
           D:2 |       0 |     102 |   0.0 |       0 |      25 |   0.0 |   790
           D:3 |       0 |     202 |   0.0 |       0 |      21 |   0.0 |   484
           D:4 |       0 |     283 |   0.0 |       0 |      14 |   0.0 |   433
           D:5 |       0 |     866 |   0.0 |       0 |      26 |   0.0 |   416
           D:6 |       0 |    1264 |   0.0 |       0 |      23 |   0.0 |   482
           D:7 |       0 |    1767 |   0.0 |       0 |      25 |   0.0 |   463
           D:8 |       0 |    2363 |   0.0 |       0 |      33 |   0.0 |   433
           D:9 |       0 |    2147 |   0.0 |       0 |      28 |   0.0 |   579
          D:10 |       0 |    2738 |   0.0 |       0 |      22 |   0.0 |   552
        Lair:1 |       0 |    6533 |   0.0 |       0 |      28 |   0.0 |   337
        Lair:2 |       0 |    4523 |   0.0 |       0 |      23 |   0.0 |   420
        Lair:3 |       0 |     505 |   0.0 |       0 |       7 |   0.0 |    44
        Lair:4 |       0 |    2064 |   0.0 |       0 |      12 |   0.0 |   158
        Lair:5 |       0 |    6980 |   0.0 |       0 |      29 |   0.0 |   428
        Lair:6 |       0 |    5722 |   0.0 |       0 |      19 |   0.0 |   133
         Orc:1 |       0 |    1309 |   0.0 |       0 |      12 |   0.0 |   109
         Sewer |       0 |     368 |   0.0 |       0 |      20 |   0.0 |   300
        Bailey |       0 |     303 |   0.0 |       0 |      34 |   0.0 |   214
               +---------+---------+-------+---------+---------+-------+---------
